 Dungeon Crawl Stone Soup version 0.26.1-11-gd32895ea62 (webtiles) character file.

Game seed: 8478160915616509198

60 Zeld the Slasher (level 4, 0/33 HPs)
             Began as a Human Gladiator on June 5, 2021.
             Slain by an iguana (11 damage)
             ... on level 5 of the Dungeon.
             The game lasted 00:01:42 (1591 turns).

Zeld the Slasher (Human Gladiator)                  Turns: 1591, Time: 00:01:42

Health: 0/33       AC:  5    Str: 15    XL:     4   Next: 25%
Magic:  4/4        EV: 13    Int:  8    God:
Gold:   101        SH:  0    Dex: 15    Spells: 3/3 levels left

rFire    . . .     SeeInvis .   a - +0 long sword
rCold    . . .     Faith    .   (no shield)
rNeg     . . .     Spirit   .   b - +0 leather armour
rPois    .         Reflect  .   c - +0 helmet
rElec    .         Harm     .   k - +0 cloak
rCorr    .         Rampage  .   (no gloves)
Will     .....                  (no boots)
Stlth    +.........             (no amulet)
HPRegen  0.11/turn              (no ring)
MPRegen  0.09/turn              (no ring)

@: no status effects
A: no striking features
a: no special abilities


You were on level 5 of the Dungeon.
You visited 1 branch of the dungeon, and saw 4 of its levels.

You collected 101 gold pieces.

Inventory:

Hand Weapons
 a - a +0 long sword (weapon)
Missiles
 d - 3 throwing nets
 e - 13 poisoned darts (quivered)
Armour
 b - a +0 leather armour (worn)
 c - a +0 helmet (worn)
 k - a +0 cloak (worn)
Scrolls
 i - 2 scrolls of teleportation {unknown}
 j - 2 scrolls of identify {unknown}
 l - a scroll of enchant armour {unknown}
 n - a scroll of noise {unknown}
Potions
 f - a potion of mutation {unknown}
 g - a potion of ambrosia {unknown}
 h - a potion of curing {unknown}
 m - a potion of might {unknown}


   Skills:
 - Level 2.0 Fighting
 * Level 4.8 Long Blades
 - Level 2.0 Throwing
 - Level 3.0 Dodging


You had 3 spell levels left.
You didn't know any spells.
Your spell library was empty.

Dungeon Overview and Level Annotations

Branches:
Dungeon (5/15)
 Temple: D:4-7

Altars:

Annotations:
D:1 2 exclusions


Message History

Deactivating autopickup; reactivate with Ctrl-A.
The iguana closely misses you.
The orc wizard casts a spell.
The orc wizard blinks!
The orc wizard gestures wildly while chanting.
The orc wizard seems to speed up.
Found a stone staircase leading down.
There is a stone staircase leading down here.
The iguana closely misses you.
You climb downwards.
Reactivating autopickup.
There is a stone staircase leading up here.
You hit the iguana.
The iguana is heavily wounded.
The iguana bites you!
You are too injured to fight recklessly!
You completely miss the iguana.
The iguana is heavily wounded.
The iguana bites you!
You die...

### ..#
#.# #.#
.######l#
.......@#
#######.#
#.# #.#
#.# #.#
#.# #.#


You could see an iguana.

Vanquished Creatures
  2 adders
  A ball python (D:2)
  5 giant cockroaches (D:1)
  4 goblins
  5 hobgoblins
  4 jackals (D:1)
  7 kobolds
  A quokka (D:4)
  4 bats
  5 frilled lizards
  A rat (D:2)
39 creatures vanquished.

Notes
Turn   | Place    | Note
-------+----------+-------------------------------------------
     0 | D:1      | Zeld the Human Gladiator began the quest for the Orb.
     0 | D:1      | Reached XP level 1. HP: 16/16 MP: 1/1
   100 | D:1      | Noticed a big kobold
   101 | D:1      | Noticed a big kobold
   101 | D:1      | Noticed a big kobold
   104 | D:1      | Noticed a big kobold
   106 | D:1      | Reached XP level 2. HP: 15/22 MP: 2/2
   495 | D:1      | Reached skill level 4 in Long Blades
   495 | D:1      | Reached XP level 3. HP: 25/27 MP: 3/3
  1388 | D:2      | Reached XP level 4. HP: 31/33 MP: 4/4
  1506 | D:2      | You fall into a shaft and drop 2 floors!
  1546 | D:4      | Noticed a sky beast
  1589 | D:5      | Entered Level 5 of the Dungeon
  1591 | D:5      | Slain by an iguana

Illustrated notes

Levels and vault maps discovered:
D:1:      erik_arrival_cave_to_civilisation [erik_arrival_cave_to_temple],
          layout_basic
D:2:      layout_loops_ring, lemuel_doored_altar
D:4:      layout_gridville, ebering_ghost_reflecting_pool, kennysheep_doodads,
          hangedman_decor_growths, st_stairs_9,
          eino_small_chamber_without_monster
D:5:      layout_basic, uniq_grinder

Skill      XL: |  1  2 |
---------------+-------+-----
Long Blades    | 4 |  4.8
Fighting       | |  2.0
Throwing       | |  2.0
Dodging        | |  3.0

Action                   |  1- 3 |  4- 6 || total
-------------------------+-------+-------++-------
Melee: Long sword        |   104 |    11 ||   115
 Stab: Sleeping          |       |     1 ||     1
Armor: Leather armour    |    25 |     4 ||    29
Dodge: Dodged            |    94 |     7 ||   101
       Rpst.: Long sword |    28 |     3 ||    31
